 Dungeon Crawl Stone Soup version 0.28-a0-239-g68911e0c57 (console) character file.

Game seed: 14268759987639905321

1 jejorda2 the Sneak (level 1, -1/20 HPs)
             Began as a Hill Orc Delver on Aug 23, 2021.
             Succumbed to an adder's poison
             ... on level 4 of the Dungeon.
             The game lasted 00:00:56 (100 turns).

jejorda2 the Sneak (Hill Orc Delver)                 Turns: 100, Time: 00:00:57

Health: -1/20      AC:  3    Str: 14    XL:     1   Next: 20%
Magic:  1/1        EV: 11    Int: 10    God:
Gold:   0          SH:  0    Dex: 12    Spells: 0/0 levels left

rFire   . . .      SeeInvis .   a - +0 hand axe
rCold   . . .      Faith    .   (no shield)
rNeg    . . .      Spirit   .   b - +0 leather armour
rPois   .          Reflect  .   (no helmet)
rElec   .          Harm     .   (no cloak)
rCorr   .          Rampage  .   (no gloves)
Will    .....                   (no boots)
Stlth   ++........              (no amulet)
HPRegen 0.06/turn               (no ring)
MPRegen 0.07/turn               (no ring)

@: lethally poisoned (-1 -> -7)
A: no striking features
a: no special abilities


You were on level 4 of the Dungeon.
You visited 1 branch of the dungeon, and saw 2 of its levels.

Inventory:

Hand Weapons
 a - a +0 hand axe (weapon)
Armour
 b - a +0 leather armour (worn)
Wands
 g - a wand of digging (3)
Scrolls
 c - a scroll of fog
 e - a scroll of fear


   Skills:
 + Level 3.6 Fighting
 * Level 2.8 Axes
 + Level 0.1 Armour
 - Level 1.5 Dodging
 - Level 4.1 Stealth


You couldn't memorise any spells.
You didn't know any spells.
Your spell library was empty.

Dungeon Overview and Level Annotations

Branches:
Dungeon (5/15)             Temple (0/1) D:5

Altars:

Annotations:
D:5 Blork the orc, Grinder


Message History

A black bear comes into view.
Found 19 stones.
The black bear growls angrily.
Blork the orc hits you with a +0 trident!
You hit Blork the orc but do no damage.
Blork the orc hits you but does no damage.
You barely miss Blork the orc. Blork the orc barely misses you.
You barely miss Blork the orc.
Blork the orc hits you from afar with a +0 trident!
Ouch! That really hurt!
* * * LOW HITPOINT WARNING * * *
Grinder shouts!
Grinder blinks!
There is a stone staircase leading up here.
You climb upwards.
Found 8 gold pieces.
There is a stone staircase leading down here.
You start resting.
Your extra speed is starting to run out.
You start resting.
You feel yourself slow down.
You start resting.
A kobold comes into view. It is wielding a +0 dagger.
An adder comes into view.
The kobold shouts!
The kobold hits you with a +0 dagger.
* * * LOW HITPOINT WARNING * * *
You barely miss the kobold.
The adder hisses angrily.
The kobold hits you with a +0 dagger.
* * * LOW HITPOINT WARNING * * *
You closely miss the kobold. The kobold misses you.
You hit the kobold.
You kill the kobold!
You hit the adder but do no damage. The adder bites you.
* * * LOW HITPOINT WARNING * * *
You are lethally poisoned!
The adder poisons you! The adder misses you.
You barely miss the adder.
You die...

#.# #.#
#.# #.#
...
##.###.#
#.S)...#
#.@#
#..#
#..#
#..#
#>.#
#..#
#..#
#..#
#..#


You could see an adder.

Vanquished Creatures
  A kobold (D:4)
1 creature vanquished.

Notes
Turn   | Place    | Note
-------+----------+-------------------------------------------
     0 | D:5      | jejorda2 the Hill Orc Delver began the quest for the Orb.
     0 | D:5      | Reached XP level 1. HP: 19/19 MP: 1/1
     3 | D:5      | Noticed Blork the orc
     9 | D:5      | Noticed Grinder
    10 | D:5      | Noticed a black bear
    99 | D:4      | HP: 1/20 [adder (2)]
   100 | D:4      | Succumbed to an adder's poison

Illustrated notes

Levels and vault maps discovered:
D:4:      layout_loops_ring, gammafunk_ghost_gnarly_gnolls,
          nicolae_shop_self_help
D:5:      layout_loops_ring, temple_fountains, item_on_display_b,
          uniq_blork_the_orc, uniq_grinder

Action                   || total
-------------------------++-------
Melee: Hand axe          ||     8
  Use: Scroll            ||     1
       Potion            ||     1
Armor: Leather armour    ||     1
Dodge: Dodged            ||     3

Table legend: (Time is in decaauts)
 A = Elapsed time spent in this place.
 B = Non-inter-level travel time spent in this place.
 C = Inter-level travel time spent in this place.
 D = Time resting spent in this place.
 E = Time spent auto-exploring this place.
 F = Levels seen in this place.
 G = Mean time per level.
                   A        B        C        D        E       F      G
               +--------+--------+--------+--------+--------+-----+--------+
         Total |     84 |     82 |      2 |     59 |      0 |   2 |   42.0 |
       Dungeon |     84 |     82 |      2 |     59 |      0 |   2 |   42.0 |
               +--------+--------+--------+--------+--------+-----+--------+

Top non-repeatable levels by time:
     D:4: 68 daAuts
     D:5: 15 daAuts
